 Dungeon Crawl Stone Soup version 0.17.0-28-g6e173f8 (webtiles) character file.

508 lorenzova the Destroyer (level 6, -1/32 HPs)
             Began as a Deep Elf Conjurer on Nov 30, 2015.
             Slain by Edmund
             ... wielding a +4 flail of protection
              (2 damage)
             ... on level 4 of the Dungeon.
             The game lasted 00:16:03 (5728 turns).

lorenzova the Destroyer (Deep Elf Conjurer)         Turns: 5728, Time: 00:16:03

Health: -1/32      AC:  2    Str:  5    XL:     6   Next: 98%
Magic:  1/17       EV: 13    Int: 22    God:
Gold:   320        SH:  0    Dex: 15    Spells: 4 memorised, 7 levels left

rFire  . . .     SeeInvis .     v - staff of wizardry
rCold  . . .     Clarity  .     a - +0 robe
rNeg   . . .     SustAt   .     (no shield)
rPois  .         Gourm    .     (no helmet)
rElec  .         Spirit   .     (no cloak)
rCorr  .         Warding  .     (no gloves)
rMut   .         Stasis   .     (no boots)
MR     .....                    (no amulet)
Stlth  ++........               (no ring)
                                (no ring)

@: not resistant to hostile enchantments, unstealthy
A: no striking features
a: no special abilities


You were on level 4 of the Dungeon.
You were not hungry.

You visited 1 branch of the dungeon, and saw 4 of its levels.
You also visited: Sewer and Ossuary.

You collected 320 gold pieces.

Inventory:

Armour
 a - a +0 robe (worn)
Magical Staves
 v - an uncursed staff of wizardry (weapon)
Jewellery
 m - the ring "Mafuisk" {rF+ rC+ MR+, unknown}
   (You found it on level 4 of the Dungeon)

   [ring of protection from magic]

   It protects you from fire.
   It protects you from cold.
   It affects your resistance to hostile enchantments.
 x - an uncursed amulet of stasis
 D - an uncursed ring of wizardry {unknown}
Scrolls
 e - 2 scrolls of magic mapping {unknown}
 g - a scroll of noise {unknown}
 h - a scroll of blinking {unknown}
 l - 5 scrolls of remove curse {unknown}
 o - 2 scrolls of identify {unknown}
 q - a scroll of recharging {unknown}
 r - 5 scrolls of teleportation {unknown}
 s - a scroll of enchant armour {unknown}
 u - a scroll of immolation {unknown}
 y - 4 scrolls of fear {unknown}
 B - a scroll of fog {unknown}
Potions
 d - 3 potions of cure mutation {unknown}
 j - a potion of haste {unknown}
 k - 2 potions of might {unknown}
 n - a potion of berserk rage {unknown}
 p - 2 potions of heal wounds {unknown}
 t - a potion of cancellation {unknown}
 w - 2 potions of degeneration {unknown}
 z - 3 potions of curing {unknown}
 A - a potion of magic {unknown}
 C - 2 potions of brilliance {unknown}
Books
 b - a book of Conjurations

   Spells                             Type                      Level
   a - Magic Dart                     Conjuration                  1
   b - Searing Ray                    Conjuration                  2
   c - Dazzling Spray                 Conjuration/Hexes            3
   d - Fulminant Prism                Conjuration/Hexes            4
   e - Iskenderun's Mystic Blast      Conjuration                  4
   f - Iskenderun's Battlesphere      Conjuration/Charms           5
Comestibles
 c - 5 bread rations
 f - a fruit
 i - 2 slices of pizza


   Skills:
 - Level 2.4 Dodging
 - Level 2.4 Stealth
 + Level 6.1 Spellcasting
 * Level 8.0 Conjurations


You had 7 spell levels left.
You knew the following spells:

 Your Spells              Type           Power        Failure   Level  Hunger
a - Magic Dart            Conj           ####         1%          1    None
b - Searing Ray           Conj           #####.       1%          2    None
c - Dazzling Spray        Conj/Hex       ###.....     2%          3    #......
x - Iskenderun's Mystic   Conj           #####...     1%          4    ###....


Dungeon Overview and Level Annotations

Branches:
Dungeon (4/15)
 Temple: D:4-7

Altars:
Elyvilon
Fedhas
Qazlal
Ru
Sif Muna
Trog

Annotations:
D:4 Edmund


Message History

Edmund is severely wounded.
The orb of energy explodes!
Casting: Iskenderun's Mystic Blast
Confirm with . or Enter, or press ? or * to list all spells.
You don't have enough magic to cast that spell.
Edmund is nearby!
Casting: Iskenderun's Mystic Blast
Confirm with . or Enter, or press ? or * to list all spells.
Aiming: Searing Ray
Press: ? - help, Shift-Dir - straight line, f/p - Edmund
Aim: Edmund, wielding a flail of protection and wearing a scale mail (severely wounded)
The searing ray hits Edmund.
Edmund is severely wounded.
Edmund says, "People will remember me!
They'll remember me and die!"
Edmund hits you with a flail of protection!
* * * LOW HITPOINT WARNING * * *
The searing ray hits Edmund.
Edmund is almost dead.
Edmund hits you with a flail of protection.
You die...

.o ##+#.### #......###
#....##.# #.#.#...####
#............
#########.......##
#............##.# ##
#.<..@@....#.# .####..
#......###.#.##....#.#
#..........#.#.......
##'##......#.#.###..
#.##.#..........#.###
#.##.#...##.#.###.#..
#.##..............#.#
#.##.#.########...#.#
#.##.#.##...# #......


You could see Edmund.

Vanquished Creatures
  Purgy (Sewer)
  3 orc priests
  An iguana (D:4)
  A worker ant (D:4)
  4 big kobold zombies (Ossuary)
  A mummy (Ossuary)
  5 adders
  2 oozes (D:1)
  3 worms
  4 giant geckos (D:3)
  9 orcs
  3 spectral bats (Ossuary)
  4 bats
  9 giant cockroaches
  6 gnoll zombies (Ossuary)
  12 goblins
  6 hobgoblins
  3 ball pythons
  4 bat simulacra (Ossuary)
  6 giant newts
  A goblin simulacrum (Ossuary)
  3 goblin zombies (Ossuary)
  5 hobgoblin zombies
  5 kobolds
  3 kobold simulacra (Ossuary)
  3 kobold zombies (Ossuary)
  6 orc zombies (Ossuary)
  3 quokkas
  7 rats
  2 rat simulacra (Ossuary)
  2 spectral goblins (Ossuary)
  3 spectral kobolds (Ossuary)
  5 spectral rats (Ossuary)
135 creatures vanquished.

Vanquished Creatures (others)
  A big kobold zombie (Ossuary)
  A worm (D:4)
  A spectral bat (Ossuary)
  A gnoll zombie (Ossuary)
  2 goblin zombies (Ossuary)
  A spectral goblin (Ossuary)
7 creatures vanquished.

Grand Total: 142 creatures vanquished

Notes
Turn   | Place    | Note
--------------------------------------------------------------
     0 | D:1      | lorenzova the Deep Elf Conjurer began the quest for the Orb.
     0 | D:1      | Reached XP level 1. HP: 10/10 MP: 6/6
   201 | D:1      | Reached XP level 2. HP: 15/15 MP: 5/8
   574 | D:1      | Reached skill level 5 in Conjurations
   835 | D:1      | You fall through a shaft!
   883 | D:2      | Reached XP level 3. HP: 19/19 MP: 5/10
   887 | D:2      | Learned a level 2 spell: Searing Ray
   891 | D:2      | Learned a level 3 spell: Dazzling Spray
  1634 | D:2      | Found a stormy altar of Qazlal.
  1863 | D:2      | Reached XP level 4. HP: 21/24 MP: 3/12
  2061 | D:3      | Found a bloodstained altar of Trog.
  2094 | D:3      | Found a deep blue altar of Sif Muna.
  2095 | D:3      | Found a sacrificial altar of Ru.
  2132 | D:3      | Found a blossoming altar of Fedhas.
  2306 | D:3      | Found a glowing drain.
  2399 | Sewer    | Entered a sewer
  2422 | Sewer    | Learned a level 4 spell: Iskenderun's Mystic Blast
  2476 | Sewer    | Noticed Purgy
  2483 | Sewer    | Killed Purgy
  2483 | Sewer    | Reached skill level 5 in Spellcasting
  2483 | Sewer    | Reached skill level 6 in Conjurations
  2483 | Sewer    | Reached XP level 5. HP: 28/28 MP: 0/14
  2845 | D:3      | Found a white marble altar of Elyvilon.
  3336 | D:4      | Reached skill level 7 in Conjurations
  3336 | D:4      | Reached XP level 6. HP: 20/32 MP: 4/16
  3653 | D:4      | Found a sand-covered staircase.
  3685 | Ossuary  | Entered an ossuary
  5385 | Ossuary  | Reached skill level 8 in Conjurations
  5612 | D:4      | Got a transparent gossamer ring
  5718 | D:4      | Noticed Edmund
  5727 | D:4      | HP: 1/32 [Edmund/flail of protection (7)]
  5728 | D:4      | Slain by Edmund

Action                   |  1- 3 |  4- 6 || total
-------------------------+-------+-------++-------
Melee: Staff             |       |   145 ||   145
 Cast: Magic Dart        |    72 |   185 ||   257
       Searing Ray       |     1 |    10 ||    11
       Dazzling Spray    |       |     3 ||     3
       Iskenderun's Myst |       |     4 ||     4
 Stab: Sleeping          |       |     3 ||     3
       Distracted        |       |     2 ||     2
  Eat: Chunk             |     2 |     8 ||    10
       Fruit             |       |     2 ||     2
       Royal jelly       |       |     1 ||     1
       Beef jerky        |       |     1 ||     1
